 Dungeon Crawl Stone Soup version 0.31-a0-803-g95b03c3367 (webtiles) character file.

Game seed: 17067985716143821847

2818 Newt the Charlatan (level 9, -3/65 HPs)
             Began as a Demonspawn Gladiator on Sept 20, 2023.
             Was an Initiate of Gozag.
             Slain by an orc warrior
             ... wielding a +0 scimitar
              (9 damage)
             ... on level 7 of the Dungeon.
             The game lasted 00:09:21 (8004 turns).

Newt the Charlatan (Demonspawn Gladiator)           Turns: 8004, Time: 00:09:22

Health: -3/65      AC:  4    Str: 19    XL:     9   Next: 45%
Magic:  15/15      EV: 13    Int: 10    God:    Gozag
Gold:   624        SH:  4    Dex: 14    Spells: 14/16 levels left

rFire   . . .        p - +2 whip (drain)
rCold   . . .        (no shield)
rNeg    . . .        b - +0 leather armour
rPois   .            (helmet restricted)
rElec   .            (cloak unavailable)
rCorr   .            (no gloves)
SInv    .            i - +0 pair of boots
Will    .....        (no amulet)
Stlth   +            E - ring of wizardry
HPRegen 0.30/turn    (no ring)
MPRegen 0.14/turn

%: wizardry (x1)
@: lethally poisoned (-3 -> -3), gold aura
A: claws 1, horns 2, condensation shield, weakness stinger 3
a: Renounce Religion, Potion Petition, Call Merchant, Bribe Branch


You were on level 7 of the Dungeon.
You worshipped Gozag.
Gozag was pleased with you.
You visited 2 branches of the dungeon, and saw 9 of its levels.
You also visited: Sewer.

You collected 937 gold pieces.
You spent 204 gold pieces at shops.
You paid 109 gold pieces to Gozag.

Inventory:

Hand Weapons
 a - a +0 rapier
 p - a +2 whip of draining (weapon)
Missiles
 d - a throwing net
 j - 19 poisoned darts
 n - 10 atropa-tipped darts
 x - 8 boomerangs
 G - a javelin
Armour
 b - a +0 leather armour (worn)
 c - a +0 helmet
 f - a +2 cloak
 i - a +0 pair of boots (worn)
Jewellery
 E - a ring of wizardry (left claw)
 H - a ring of see invisible
Wands
 e - a wand of quicksilver (9)
 q - a wand of flame (6)
Scrolls
 g - 3 scrolls of revelation
 m - a scroll of enchant armour {unknown}
 o - 6 scrolls of teleportation
 v - a scroll of butterflies
 w - a scroll of noise {unknown}
 y - 2 scrolls of fear
 A - a scroll of blinking
 C - a scroll of poison {unknown}
 D - a scroll of brand weapon {unknown}
 F - 2 scrolls of torment
 I - a scroll of fog
 J - a scroll of vulnerability {unknown}
 K - a scroll of enchant weapon {unknown}
Potions
 h - a potion of heal wounds
 k - a potion of attraction {unknown}
 l - 2 potions of lignification
 r - 2 potions of degeneration
 s - a potion of haste {unknown}
 t - a potion of ambrosia {unknown}
 z - 3 potions of cancellation {unknown}
 B - a potion of might {unknown}
 L - a potion of brilliance {unknown}
 M - a potion of mutation {unknown}


   Skills:
 - Level 4.0 Fighting
 - Level 2.6 Short Blades
 - Level 4.0 Maces & Flails
 - Level 1.7 Throwing
 - Level 5.0 Dodging
 - Level 4.0 Spellcasting
 + Level 5.1 Transmutations
 - Level 7.6 Evocations


You had 14 spell levels left.
You knew the following spells:

 Your Spells              Type           Power      Damage    Failure   Level
a - Wereblood             Tmut           12%        N/A       2%          2

Your spell library contained the following spells:

 Spells                   Type           Power      Damage    Failure   Level
 Tukima's Dance           Hex            2%         N/A       32%         3
 Passage of Golubria      Tloc           2%         N/A       71%         4
 Irradiate                Conj/Tmut      3%         3d12      71%         5
 Yara's Violent Unravell  Hex/Tmut       3%         3d4       71%         5
 Iskenderun's Battlesphe  Conj           2%         2d6       96%         5
 Leda's Unmaking          Conj/Erth      1%         9d1       100%        6
 Spellforged Servitor     Conj/Summ      1%         N/A       100%        7


Dungeon Overview and Level Annotations

Branches:
Dungeon (8/15)             Temple (1/1) D:5           Sewer (visited)
   Lair: D:8-11

Altars:
Ashenzari
Cheibriados
Dithmenos
Fedhas
Gozag
Hepliaklqana
Kikubaaqudgha
Makhleb
Nemelex Xobeh
Qazlal
Ru
Sif Muna
Trog
Uskayaw
Wu Jian
Xom
Yredelemnul

Shops:
D:4 *   D:6 =


Innate Abilities, Weirdness & Mutations

You have sharp fingernails.
You have a pair of horns on your head.
A meltable shield of frost defends you. (SH +4)
You have a sharp stinger which inflicts weakening toxins.


Message History

The killer bee barely misses you. The killer bee stings you.
Unknown command.
You closely miss the killer bee. You tail-slap the killer bee!
You feel a bit better.
You kill the killer bee!
Your primal bloodlust is almost over.
You feel sick. You block the killer bee's attack.
Your Transmutations skill increases to level 5!
You hit the killer bee. You headbutt the killer bee.
You tail-slap the killer bee!
The killer bee looks weaker.
The killer bee is almost dead.
You feel sick. The killer bee closely misses you.
The killer bee stings you but does no damage.
You barely miss the killer bee.
The killer bee is almost dead.
You feel sick.
The killer bee stings you but does no damage.
You miss the killer bee.
You tail-slap the killer bee, but do no damage.
The killer bee is almost dead.
You feel sick. The killer bee barely misses you.
The killer bee closely misses you.
You miss the killer bee. You headbutt the killer bee.
You feel a bit better.
You kill the killer bee!
You feel sick.
You closely miss the orc warrior.
You tail-slap the orc warrior, but do no damage.
You feel sick.
The orc warrior hits you with a +0 scimitar!
* * * LOW HITPOINT WARNING * * *
You barely miss the orc warrior. You headbutt the orc warrior!
The orc warrior is moderately wounded.
Your primal bloodlust has ended.
You feel sick. You block the orc warrior's attack.
You hit the orc warrior.
The orc warrior is heavily wounded.
You feel sick.
The orc warrior hits you with a +0 scimitar!
You die...
Your body crumbles into a pile of gold.

......##.##.# #....#
.##.####.##.# #....#
>##.# #.##.# #....#
'##.####.##.######...####
..#.....................#
....####.##.########..###
............##.# #..#
....######..##.#####..#
....#bb.##..##.o@.....#
....#b#.##....>######.#
.#.(#.......#..######.#
........#.............#
##..#.#.###..#.########
#....b...........#
####b#.###.##.##.#
#.#...........#
#.#####.#...###


You could see an orc warrior.

Vanquished Creatures
  Maggie (D:6)
  Menkaure (D:7)
  A water moccasin (D:6)
  Pargi (Sewer)
  2 black bears (D:7)
  A sky beast (D:7)
  2 ice beasts
  An ogre (D:5)
  3 phantoms
  A kobold brigand (D:7)
  2 bullfrogs
  A scorpion (D:4)
  6 killer bees
  2 electric eels (D:6)
  3 orc priests
  4 hounds
  2 jellies
  A gnoll bouda (D:5)
  2 sleepcaps
  Crazy Yiuf (D:4)
  Jessica (D:2)
  3 orc wizards (D:6)
  11 gnolls
  12 adders
  A white imp (D:7)
  An ufetubus (D:5)
  5 worms
  3 dart slugs
  13 orcs
  11 ball pythons
  3 endoplasms
  5 giant cockroaches
  11 goblins
  9 hobgoblins
  4 jackals
  10 quokkas
  12 bats
  3 frilled lizards
  10 kobolds
  11 rats
177 creatures vanquished.

Notes
Turn   | Place    | Note
-------+----------+-------------------------------------------
     0 | D:1      | Newt the Demonspawn Gladiator began the quest for the Orb.
     0 | D:1      | Reached XP level 1. HP: 16/16 MP: 1/1
   152 | D:1      | Discovered your monstrous ancestry.
   152 | D:1      | Gained mutation: You have a pair of small horns on your
                  | head. [demonic ancestry]
   152 | D:1      | Reached XP level 2. HP: 21/23 MP: 2/2
   345 | D:1      | Gained mutation: You have a small tail. [demonic ancestry]
   345 | D:1      | Reached XP level 3. HP: 29/29 MP: 3/3
   910 | D:2      | Noticed Jessica
   915 | D:2      | Killed Jessica
   916 | D:2      | Reached skill level 1 in Maces & Flails
   916 | D:2      | Reached XP level 4. HP: 37/37 MP: 4/4
  1622 | D:3      | Gained mutation: You have a tail ending in a sharp stinger.
                  | [demonic ancestry]
  1622 | D:3      | Reached XP level 5. HP: 34/42 MP: 5/5
  2635 | D:4      | Found Vaubatamu's General Store.
  2640 | D:4      | Bought 2 scrolls of revelation for 180 gold pieces
  2640 | D:4      | Bought a scroll of identify for 24 gold pieces
  2681 | D:4      | Gained mutation: You have a pair of horns on your head.
                  | [demonic ancestry]
  2681 | D:4      | Reached XP level 6. HP: 48/48 MP: 6/6
  2744 | D:4      | Found a runed translucent door.
  2745 | D:4      | Noticed Crazy Yiuf
  3329 | D:4      | Killed Crazy Yiuf
  3402 | D:5      | Entered Level 5 of the Dungeon
  3548 | D:5      | Found a staircase to the Ecumenical Temple.
  3572 | D:5      | Reached skill level 5 in Dodging
  3572 | D:5      | Reached skill level 1 in Evocations
  3572 | D:5      | Gained mutation: You have a sharp stinger which inflicts
                  | weakening toxins. [demonic ancestry]
  3572 | D:5      | Reached XP level 7. HP: 30/54 MP: 7/7
  3583 | Temple   | Entered the Ecumenical Temple
  3633 | Temple   | Became a worshipper of Gozag Ym Sagoz the Greedy
  3699 | D:5      | Reached skill level 2 in Evocations
  3763 | D:5      | Reached skill level 3 in Evocations
  4303 | D:5      | Learned a level 2 spell: Wereblood
  4622 | D:6      | Found an ancient bone altar of Kikubaaqudgha.
  4623 | D:6      | Found a shadowy altar of Dithmenos.
  4632 | D:6      | Reached skill level 4 in Evocations
  4656 | D:6      | Found Aqotuur's Jewellery Shoppe.
  4703 | D:6      | Found a glowing drain.
  4727 | Sewer    | Entered a sewer
  4769 | Sewer    | Noticed Pargi
  4784 | Sewer    | Killed Pargi
  4785 | Sewer    | Reached skill level 5 in Evocations
  4976 | D:6      | Found a stormy altar of Qazlal.
  4985 | D:6      | Gained mutation: You have sharp fingernails. [demonic
                  | ancestry]
  4985 | D:6      | Reached XP level 8. HP: 19/60 MP: 8/8
  5498 | D:6      | Reached skill level 6 in Evocations
  5535 | D:6      | Noticed a +0 dagger
  5537 | D:6      | Noticed Maggie
  5537 | D:6      | Noticed a +0 hand axe
  5539 | D:6      | Found a hide-covered altar of Uskayaw.
  5553 | D:6      | Killed Maggie
  5554 | D:6      | Reached skill level 7 in Evocations
  5746 | D:6      | Reached skill level 1 in Spellcasting
  5746 | D:6      | Reached skill level 1 in Transmutations
  6018 | D:6      | Found an ornate altar of the Wu Jian Council.
  6018 | D:6      | Found a hazy altar of Hepliaklqana.
  6028 | D:6      | Found a shimmering blue altar of Sif Muna.
  6031 | D:6      | Found a basalt altar of Yredelemnul.
  6033 | D:6      | Found a sacrificial altar of Ru.
  6118 | D:7      | Noticed Menkaure
  6152 | D:7      | Killed Menkaure
  6497 | D:7      | Gained mutation: A meltable shield of frost defends you.
                  | (SH +4) [demonic ancestry]
  6497 | D:7      | Reached XP level 9. HP: 64/65 MP: 11/13
  7993 | D:7      | HP: 3/65 [killer bee (4)]
  7998 | D:7      | Reached skill level 5 in Transmutations
  8004 | D:7      | Slain by an orc warrior

Illustrated notes

Levels and vault maps discovered:
D:1:      dpeg_arrival_central, layout_rooms, serial_glass, glass_columns_b,
          glass_columns_b
D:2:      layout_basic, basic_altar, minivault_23, minmay_tetromino_o2,
          uniq_jessica
D:3:      layout_loops_cross, minmay_joined_circles
D:4:      layout_basic, serial_shops, nicolae_shop_hallway_plus,
          uniq_crazy_yiuf_cottage
D:5:      layout_basic, minmay_temple_entry_tees
D:6:      layout_cave_pools, dancing_weapons_uskayaw, minitemple,
          mainiacjoe_overflow_catch_the_wave, gup_sewer_entry_pipe,
          serial_shops, kennysheep_mini_moat, kennysheep_nondescript,
          uniq_maggie
D:7:      layout_basic, uniq_menkaure
D:8:      layout_cave_pods, serial_glass, glass_columns_b, glass_columns_a,
          glass_columns_a, glass_columns_b, chequers_serial_rivers_room_a,
          kennysheep_cross_room, uniq_gastronok, uniq_maurice
Temple:   pf_temple_reverse_labyrinth

Skill      XL: |  1  2  3  4  5  6  7  8  9 |
---------------+----------------------------+-----
Fighting       | 3 4 |  4.0
Maces & Flails | 1 2 4 |  4.0
Dodging        | 3 5 |  5.0
Evocations     | 1 5 7 |  7.6
Spellcasting   | 2 4 |  4.0
Transmutations | 2 5 |  5.1
Short Blades   | |  2.6
Throwing       | |  1.7

Action                     |  1- 3 |  4- 6 |  7- 9 || total
---------------------------+-------+-------+-------++-------
  Melee: Rapier            |    80 |       |       ||    80
         Headbutt          |    15 |    34 |    45 ||    94
         Whip              |    22 |   186 |   217 ||   425
         Tailslap          |     3 |    24 |    39 ||    66
         Punch             |       |     1 |     4 ||     5
  Throw: Throwing net      |       |     1 |     4 ||     5
         Javelin           |       |       |     2 ||     2
         Dart              |       |       |     1 ||     1
   Cast: Wereblood         |       |       |     1 ||     1
  Evoke: Wand              |       |       |    10 ||    10
    Use: Potion            |     1 |     1 |    10 ||    12
         Scroll            |       |     2 |     7 ||     9
   Stab: Held in net/web   |       |     1 |       ||     1
         Distracted        |       |       |     2 ||     2
 Armour: Leather armour    |    56 |    99 |   178 ||   333
  Dodge: Dodged            |    82 |   107 |   179 ||   368
  Block: Other             |       |       |    13 ||    13

Table legend: (Time is in decaauts)
 A = Elapsed time spent in this place.
 B = Non-inter-level travel time spent in this place.
 C = Inter-level travel time spent in this place.
 D = Time resting spent in this place.
 E = Time spent auto-exploring this place.
 F = Levels seen in this place.
 G = Mean time per level.
                   A        B        C        D        E       F      G
               +--------+--------+--------+--------+--------+-----+--------+
         Total |   8021 |   7616 |    405 |   1640 |   4806 |  10 |  802.1 |
       Dungeon |   7794 |   7488 |    306 |   1640 |   4710 |   8 |  974.2 |
        Temple |    100 |      1 |     99 |      0 |      0 |   1 |  100.0 |
         Sewer |    126 |    126 |      0 |      0 |     96 |   1 |  126.0 |
               +--------+--------+--------+--------+--------+-----+--------+

Top non-repeatable levels by time:
     D:7: 1833 daAuts
     D:6: 1442 daAuts
     D:5: 1087 daAuts
     D:4: 996 daAuts
     D:3: 915 daAuts
     D:2: 827 daAuts
     D:1: 660 daAuts
   Sewer: 126 daAuts
  Temple: 100 daAuts
     D:8: 32 daAuts
